UNITED STATES SILVER LEAGUE
CASPER GHOSTS VS MONTREAL RIVERMEN
07/25/2014
 
TOP OF THE 1ST
Montreal Rivermen batting - Pitching for Casper Ghosts : RHP Jim Roberts
Pitching: RHP Jim Roberts
Batting: LHB Harold Logan 0-0: Swinging Strike
0-1: Called Strike
0-2: Fly out, F6 (Line Drive, 6)
Batting: RHB Dave King 0-0: Swinging Strike
0-1: Ball
1-1: Ball
2-1: Ground out 6-3 (Groundball, 6)
Batting: LHB Peter Heath 0-0: Ball
1-0: SOLO HOME RUN (Flyball, 9D), Distance : 411 ft
Batting: RHB Kevin Howard 0-0: Ball
1-0: Called Strike
1-1: SINGLE (Groundball, 56)
Batting: LHB Ernesto Castro 0-0: Foul Ball, location: 2F
0-1: Ball
1-1: Foul Ball, location: 2F
1-2: Ball
2-2: Fly out, F7 (Flyball, 78M)
Top of the 1st over - 1 run(s), 2 hit(s), 0 error(s), 1 left on base; Montreal 1 - Casper 0
BOTTOM OF THE 1ST
Casper Ghosts batting - Pitching for Montreal Rivermen : RHP Edward Bailey
Pitching: RHP Edward Bailey
Batting: LHB Alfonso López 0-0: Ball
1-0: Called Strike
1-1: Foul Ball, location: 2F
1-2: Strikes out looking
Batting: LHB Francisco Mendoza 0-0: Called Strike
0-1: SINGLE (Groundball, 6MD)
Batting: LHB Mike Silver 0-0: Foul Ball, location: 2F
0-1: Called Strike
0-2: Ball
1-2: Ball
Francisco Mendoza is caught stealing 2nd base
2-2: Ball
3-2: Foul Ball, location: 2F
3-2: Ground out U3 (Groundball, 3)
Bottom of the 1st over - 0 run(s), 1 hit(s), 0 error(s), 0 left on base; Montreal 1 - Casper 0
TOP OF THE 2ND
Montreal Rivermen batting - Pitching for Casper Ghosts : RHP Jim Roberts
Batting: RHB Pete Davidson 0-0: Ball
1-0: Called Strike
1-1: Foul Ball, location: 2F
1-2: Foul Ball, location: 2F
1-2: Ball
2-2: Strikes out swinging
Batting: LHB António López 0-0: Ball
1-0: Called Strike
1-1: Ball
2-1: Ball
3-1: Base on Balls
Batting: RHB Ares Jilavian 0-0: Called Strike
António López is caught stealing 2nd base
0-1: Ground out 6-3 (Groundball, 6)
Top of the 2nd over - 0 run(s), 0 hit(s), 0 error(s), 0 left on base; Montreal 1 - Casper 0
BOTTOM OF THE 2ND
Casper Ghosts batting - Pitching for Montreal Rivermen : RHP Edward Bailey
Batting: LHB Marcos Zúńiga 0-0: Called Strike
0-1: Ball
1-1: Swinging Strike
1-2: Ground out 3-1 (Groundball, 3L)
Batting: SHB Juan Sánchez 0-0: Ball
1-0: Ground out U3 (Groundball, 3L)
Batting: RHB Luis Rojas 0-0: Called Strike
0-1: Ball
1-1: Ground out 1-3 (Groundball, 13S)
Bottom of the 2nd over - 0 run(s), 0 hit(s), 0 error(s), 0 left on base; Montreal 1 - Casper 0
TOP OF THE 3RD
Montreal Rivermen batting - Pitching for Casper Ghosts : RHP Jim Roberts
Batting: RHB Edward Bailey 0-0: Ground out 2-3 (Groundball, 2R)
Batting: LHB Harold Logan 0-0: Ground out 6-3 (Groundball, 6M)
Batting: RHB Dave King 0-0: Ball
1-0: Foul Ball, location: 2F
1-1: Swinging Strike
1-2: Strikes out swinging
Top of the 3rd over - 0 run(s), 0 hit(s), 0 error(s), 0 left on base; Montreal 1 - Casper 0
BOTTOM OF THE 3RD
Casper Ghosts batting - Pitching for Montreal Rivermen : RHP Edward Bailey
Batting: RHB Edward Cain 0-0: Fly out, F6 (Line Drive, 6)
Batting: RHB Owen Cunningham 0-0: Called Strike
0-1: Ball
1-1: Foul Ball, location: 2F
1-2: Fly out, F6 (Popup, 6D)
Batting: SHB Jim Roberts 0-0: Foul Ball, location: 2F
0-1: Ball
1-1: Ball
2-1: Swinging Strike
2-2: Ball
3-2: Base on Balls
Batting: LHB Alfonso López 0-0: Ball
1-0: Called Strike
1-1: DOUBLE (Line Drive, 9LD)
Jim Roberts to third
Runner from 3rd tries for Home, SAFE, no throw or cutoff
Batting: LHB Francisco Mendoza 0-0: Ball
1-0: Ball
2-0: Called Strike
2-1: Ball
3-1: Base on Balls
Batting: LHB Mike Silver 0-0: Foul Ball, location: 2F
0-1: Ball
1-1: SINGLE (Groundball, 15) (infield hit)
Alfonso López to third
Francisco Mendoza to second
Batting: LHB Marcos Zúńiga 0-0: Called Strike
0-1: Foul Ball, location: 2F
0-2: Strikes out swinging
Bottom of the 3rd over - 1 run(s), 2 hit(s), 0 error(s), 3 left on base; Montreal 1 - Casper 1
TOP OF THE 4TH
Montreal Rivermen batting - Pitching for Casper Ghosts : RHP Jim Roberts
Batting: LHB Peter Heath 0-0: Ball
1-0: Swinging Strike
1-1: Ball
2-1: Foul Ball, location: 2F
2-2: DOUBLE (Line Drive, 5D)
Batting: RHB Kevin Howard 0-0: SINGLE (Line Drive, 89M)
Peter Heath to third
Batting: LHB Ernesto Castro 0-0: Foul Ball, location: 2F
0-1: Foul Ball, location: 2F
0-2: Ball
1-2: Foul Ball, location: 2F
1-2: Fly out, F2 (Popup, 2RF)
Batting: RHB Pete Davidson 0-0: SINGLE (Line Drive, 56D)
Peter Heath scores
Kevin Howard to second
Batting: LHB António López 0-0: Foul Ball, location: 2F
0-1: Ball
1-1: Fly out, F9 (Flyball, 9D)
Runner from 2nd tags up, SAFE at 3rd, no throw
Batting: RHB Ares Jilavian 0-0: Ball
1-0: Fly out, F9 (Flyball, 9LM)
Top of the 4th over - 1 run(s), 3 hit(s), 0 error(s), 2 left on base; Montreal 2 - Casper 1
BOTTOM OF THE 4TH
Casper Ghosts batting - Pitching for Montreal Rivermen : RHP Edward Bailey
Batting: SHB Juan Sánchez 0-0: Ball
1-0: Called Strike
1-1: SINGLE (Groundball, 3L)
Batting: RHB Luis Rojas 0-0: Ball
1-0: Ground out U3 (Groundball, 3S)
Juan Sánchez to second
Batting: RHB Edward Cain 0-0: Ball
1-0: Ball
2-0: Ball
3-0: Base on Balls
Batting: RHB Owen Cunningham 0-0: Ball
1-0: Ball
2-0: Called Strike
2-1: Ball
3-1: Fly out, F7 (Flyball, 7M)
Batting: SHB Jim Roberts 0-0: Ball
1-0: Called Strike
1-1: Foul Ball, location: 2F
1-2: Ball
2-2: Fly out, F9 (Flyball, 9LM)
Bottom of the 4th over - 0 run(s), 1 hit(s), 0 error(s), 2 left on base; Montreal 2 - Casper 1
TOP OF THE 5TH
Montreal Rivermen batting - Pitching for Casper Ghosts : RHP Jim Roberts
Batting: RHB Edward Bailey 0-0: Ball
1-0: Foul Ball, location: 2F
1-1: Swinging Strike
1-2: Strikes out looking
Batting: LHB Harold Logan 0-0: Called Strike
0-1: Swinging Strike
0-2: Foul Ball, location: 2F
0-2: Ball
1-2: Strikes out looking
Batting: RHB Dave King 0-0: Ball
1-0: Ball
2-0: Fly out, F8 (Line Drive, 8RD)
Top of the 5th over - 0 run(s), 0 hit(s), 0 error(s), 0 left on base; Montreal 2 - Casper 1
BOTTOM OF THE 5TH
Casper Ghosts batting - Pitching for Montreal Rivermen : RHP Edward Bailey
Batting: LHB Alfonso López 0-0: Ball
1-0: Fly out, F7 (Line Drive, 7M)
Batting: LHB Francisco Mendoza 0-0: Ball
1-0: SINGLE (Line Drive, 8LS)
Batting: LHB Mike Silver 0-0: Called Strike
0-1: Foul Ball, location: 2F
0-2: Ball
1-2: Foul Ball, location: 2F
1-2: Ball
Francisco Mendoza steals 2nd base
2-2: Strikes out looking
Batting: LHB Marcos Zúńiga 0-0: Ball
1-0: Swinging Strike
1-1: Ball
2-1: Ball
3-1: Base on Balls
Batting: SHB Juan Sánchez 0-0: Swinging Strike
0-1: Called Strike
0-2: 3-RUN HOME RUN (Flyball, 8RXD), Distance : 443 ft
Batting: RHB Luis Rojas 0-0: Ball
1-0: Ball
2-0: Ball
3-0: Base on Balls
Batting: RHB Edward Cain 0-0: Ball
1-0: Ball
2-0: Called Strike
2-1: Called Strike
2-2: Foul Ball, location: 2F
2-2: Foul Ball, location: 2F
2-2: Ball
3-2: Foul Ball, location: 2F
3-2: Base on Balls
Luis Rojas to second
Batting: RHB Owen Cunningham 0-0: Swinging Strike
0-1: Fielders Choice at 2nd, U4 (Groundball, 4M)
Bottom of the 5th over - 3 run(s), 2 hit(s), 0 error(s), 2 left on base; Montreal 2 - Casper 4
TOP OF THE 6TH
Montreal Rivermen batting - Pitching for Casper Ghosts : RHP Jim Roberts
Batting: LHB Peter Heath 0-0: Ground out U3 (Groundball, 3L)
Batting: RHB Kevin Howard 0-0: Ball
1-0: Called Strike
1-1: Foul Ball, location: 2F
1-2: Ground out 6-3 (Groundball, 6M)
Batting: LHB Ernesto Castro 0-0: Ground out U3 (Groundball, 3S)
Top of the 6th over - 0 run(s), 0 hit(s), 0 error(s), 0 left on base; Montreal 2 - Casper 4
BOTTOM OF THE 6TH
Casper Ghosts batting - Pitching for Montreal Rivermen : RHP Edward Bailey
Batting: SHB Jim Roberts 0-0: Ball
1-0: Ground out 3-1 (Groundball, 34S)
Batting: LHB Alfonso López 0-0: Swinging Strike
0-1: Ball
1-1: Ball
2-1: Swinging Strike
2-2: Strikes out swinging
Batting: LHB Francisco Mendoza 0-0: Called Strike
0-1: Ground out 6-3 (Groundball, 6)
Bottom of the 6th over - 0 run(s), 0 hit(s), 0 error(s), 0 left on base; Montreal 2 - Casper 4
TOP OF THE 7TH
Montreal Rivermen batting - Pitching for Casper Ghosts : RHP Jim Roberts
Batting: RHB Pete Davidson 0-0: Fly out, F4 (Line Drive, 4)
Batting: LHB António López 0-0: Called Strike
0-1: Called Strike
0-2: Ball
1-2: Fly out, F8 (Flyball, 8LXD)
Batting: RHB Ares Jilavian 0-0: Swinging Strike
0-1: Called Strike
0-2: Ball
1-2: Ball
2-2: Ball
3-2: Base on Balls
Pinch Hitting: LHB Fai Huang 0-0: Called Strike
0-1: Ground out 4-3 (Groundball, 34)
Top of the 7th over - 0 run(s), 0 hit(s), 0 error(s), 1 left on base; Montreal 2 - Casper 4
BOTTOM OF THE 7TH
Casper Ghosts batting - Pitching for Montreal Rivermen : RHP Edward Bailey
Pitching: LHP Austin Brown
Batting: LHB Mike Silver 0-0: Foul Ball, location: 2F
0-1: Fly out, F8 (Flyball, 8LXD)
Batting: LHB Marcos Zúńiga 0-0: Ball
1-0: Called Strike
1-1: Foul Ball, location: 2F
1-2: Foul Ball, location: 2F
1-2: Ball
2-2: Ball
3-2: Strikes out swinging
Batting: SHB Juan Sánchez 0-0: Called Strike
0-1: Foul Ball, location: 2F
0-2: DOUBLE (Flyball, 78D)
Batting: RHB Luis Rojas 0-0: Ball
1-0: Ball
2-0: Ball
3-0: Base on Balls
Batting: RHB Edward Cain 0-0: Swinging Strike
0-1: Foul Ball, location: 2F
0-2: Ground out 6-3 (Groundball, 6)
Bottom of the 7th over - 0 run(s), 1 hit(s), 0 error(s), 2 left on base; Montreal 2 - Casper 4
TOP OF THE 8TH
Montreal Rivermen batting - Pitching for Casper Ghosts : RHP Jim Roberts
Batting: LHB Harold Logan 0-0: Ball
1-0: Swinging Strike
1-1: Ball
2-1: Foul Ball, location: 2F
2-2: Fly out, F7 (Popup, 7LSF)
Batting: RHB Dave King 0-0: SINGLE (Groundball, 56D)
Batting: LHB Peter Heath 0-0: Ball
1-0: Ball
2-0: Ball
3-0: Called Strike
3-1: SINGLE (Line Drive, 78S)
Dave King to second
Batting: RHB Kevin Howard 0-0: Called Strike
0-1: Fielders Choice at 2nd, 5-4 (Groundball, 56)
Dave King to third
Batting: LHB Ernesto Castro 0-0: Ball
1-0: Ball
2-0: Foul Ball, location: 2F
2-1: Swinging Strike
2-2: Foul Ball, location: 2F
2-2: Fly out, F7 (Flyball, 78M)
Top of the 8th over - 0 run(s), 2 hit(s), 0 error(s), 2 left on base; Montreal 2 - Casper 4
BOTTOM OF THE 8TH
Casper Ghosts batting - Pitching for Montreal Rivermen : LHP Austin Brown
Batting: RHB Owen Cunningham 0-0: Ball
1-0: Ball
2-0: Ground out 6-3 (Groundball, 6)
Batting: SHB Jim Roberts 0-0: Foul Ball, location: 2F
0-1: Called Strike
0-2: Ball
1-2: Ground out 5-3 (Groundball, 56)
Batting: LHB Alfonso López 0-0: Ball
1-0: Ball
2-0: Foul Ball, location: 2F
2-1: Swinging Strike
2-2: Strikes out swinging
Bottom of the 8th over - 0 run(s), 0 hit(s), 0 error(s), 0 left on base; Montreal 2 - Casper 4
TOP OF THE 9TH
Montreal Rivermen batting - Pitching for Casper Ghosts : RHP Jim Roberts
Batting: RHB Pete Davidson 0-0: Ball
1-0: Called Strike
1-1: Swinging Strike
1-2: Foul Ball, location: 2F
1-2: Foul Ball, location: 2F
1-2: Ball
2-2: Ball
3-2: Strikes out looking
Batting: LHB António López 0-0: Called Strike
0-1: Ball
1-1: Ground out 4-3 (Groundball, 34)
Batting: RHB Ares Jilavian 0-0: Foul Ball, location: 2F
0-1: Ball
1-1: Ground out 4-3 (Groundball, 4)
Top of the 9th over - 0 run(s), 0 hit(s), 0 error(s), 0 left on base; Montreal 2 - Casper 4
This league is powered by Out of the Park Baseball, the baseball management simulation game for PC, Mac and Linux
Thursday, April 24th, 2014 - OOTP Baseball 14.6 Build 33